NWL (28 & UNDER)
MOOSE JAW GHOSTBUSTERS @ BISMARK BORDER GUARDS
09/04/2024
 
TOP OF THE 1ST
Moose Jaw Ghostbusters batting - Pitching for Bismark Border Guards : RHP Júlio Quintana
Pitching: RHP Júlio Quintana
Batting: RHB John Major 0-0: Called Strike
0-1: Ball
1-1: Fly out, F2 (Popup, 2LF)
Batting: LHB Will Vale 0-0: Called Strike
0-1: Ball
1-1: Ball
2-1: Called Strike
2-2: Ball
3-2: Foul Ball, location: 2F
3-2: Foul Ball, location: 2F
3-2: Strikes out swinging
Batting: RHB Shawn Bane 0-0: Ball
1-0: Called Strike
1-1: Foul Ball, location: 2F
1-2: Foul Ball, location: 2F
1-2: Ball
2-2: Foul Ball, location: 2F
2-2: Ball
3-2: Strikes out swinging
Top of the 1st over - 0 run(s), 0 hit(s), 0 error(s), 0 left on base; Moose Jaw 0 - Bismark 0
BOTTOM OF THE 1ST
Bismark Border Guards batting - Pitching for Moose Jaw Ghostbusters : RHP Rod Walters
Pitching: RHP Rod Walters
Batting: RHB Aaron Holt 0-0: Called Strike
0-1: Called Strike
0-2: Strikes out swinging
Batting: LHB Jim Jensen 0-0: Ball
1-0: Ball
2-0: Ball
3-0: Base on Balls
Batting: RHB José Gómez 0-0: Ball
1-0: Ball
2-0: Ball
Wild Pitch!
Jim Jensen to second
3-0: Called Strike
3-1: Ground out 6-3 (Groundball, 6)
Batting: SHB Glenn Vadnais 0-0: Ground out 1-3 (Groundball, 15)
Bottom of the 1st over - 0 run(s), 0 hit(s), 0 error(s), 1 left on base; Moose Jaw 0 - Bismark 0
TOP OF THE 2ND
Moose Jaw Ghostbusters batting - Pitching for Bismark Border Guards : RHP Júlio Quintana
Batting: RHB Paco Hernández 0-0: Called Strike
0-1: Ball
1-1: Ball
2-1: Fly out, F7 (Flyball, 78S)
Batting: LHB Enrique Valentín 0-0: Called Strike
0-1: Ball
1-1: SINGLE (Groundball, 4M)
Batting: RHB David Hernández 0-0: Ball
1-0: Ball
Enrique Valentín steals 2nd base
2-0: Called Strike
2-1: Ball
3-1: SINGLE (Line Drive, 8LS)
Enrique Valentín to third
Batting: RHB Greg King 0-0: SINGLE (Flyball, 7LM)
Enrique Valentín scores
David Hernández to second
Batting: LHB Dave Stewart 0-0: Called Strike
0-1: Called Strike
0-2: Fly out, F8 (Flyball, 8RM)
Pitching: RHP Nathan Walters
Batting: LHB Carlos López 0-0: Swinging Strike
0-1: Ball
1-1: Ground out U3 (Groundball, 3S)
Top of the 2nd over - 1 run(s), 3 hit(s), 0 error(s), 2 left on base; Moose Jaw 1 - Bismark 0
BOTTOM OF THE 2ND
Bismark Border Guards batting - Pitching for Moose Jaw Ghostbusters : RHP Rod Walters
Batting: RHB Mike Wright 0-0: Called Strike
0-1: Foul Ball, location: 2F
0-2: Ball
1-2: Ground out 5-3 (Groundball, 5)
Batting: LHB Rusty Herbert 0-0: Called Strike
0-1: Ball
1-1: Ball
2-1: Ball
3-1: Swinging Strike
3-2: Base on Balls
Batting: RHB José Cintrón 0-0: Ball
1-0: Ball
2-0: Ground out 5-3 (Groundball, 5S)
Rusty Herbert to second
Batting: RHB Chris Parker 0-0: Ball
1-0: Ball
2-0: Ball
3-0: Base on Balls
Batting: LHB Norbert Mosley 0-0: Fly out, F4 (Popup, 4D)
Bottom of the 2nd over - 0 run(s), 0 hit(s), 0 error(s), 2 left on base; Moose Jaw 1 - Bismark 0
TOP OF THE 3RD
Moose Jaw Ghostbusters batting - Pitching for Bismark Border Guards : RHP Nathan Walters
Batting: RHB John Major 0-0: Ball
1-0: Ball
2-0: Ground out 4-3 (Groundball, 4)
Batting: LHB Will Vale 0-0: Ball
1-0: Called Strike
1-1: Ball
2-1: Ball
3-1: Base on Balls
Batting: RHB Shawn Bane 0-0: Foul Ball, location: 2F
0-1: Foul Ball, location: 2F
0-2: Ball
1-2: Foul Ball, location: 2F
1-2: Foul Ball, location: 2F
1-2: Ball
2-2: Foul Ball, location: 2F
2-2: Ball
3-2: Foul Ball, location: 2F
3-2: Ground out 1-3 (Groundball, 13)
Will Vale to second
Batting: RHB Paco Hernández 0-0: Called Strike
0-1: 2-RUN HOME RUN (Flyball, 78XD), Distance : 410 ft
Batting: LHB Enrique Valentín 0-0: Swinging Strike
0-1: Swinging Strike
0-2: Ball
1-2: Strikes out looking
Top of the 3rd over - 2 run(s), 1 hit(s), 0 error(s), 0 left on base; Moose Jaw 3 - Bismark 0
BOTTOM OF THE 3RD
Bismark Border Guards batting - Pitching for Moose Jaw Ghostbusters : RHP Rod Walters
Batting: RHB Aaron Holt 0-0: Ground out 4-3 (Groundball, 4M)
Batting: LHB Jim Jensen 0-0: Called Strike
0-1: Foul Ball, location: 2F
0-2: Ball
1-2: DOUBLE (Flyball, 9D)
Batting: RHB José Gómez 0-0: Ground out 4-3 (Groundball, 4)
Jim Jensen to third
Batting: SHB Glenn Vadnais 0-0: Ball
1-0: Called Strike
1-1: Ball
2-1: Called Strike
2-2: Ball
3-2: Base on Balls
Batting: RHB Mike Wright 0-0: Fly out, F8 (Flyball, 8RD)
Bottom of the 3rd over - 0 run(s), 1 hit(s), 0 error(s), 2 left on base; Moose Jaw 3 - Bismark 0
TOP OF THE 4TH
Moose Jaw Ghostbusters batting - Pitching for Bismark Border Guards : RHP Nathan Walters
Batting: RHB David Hernández 0-0: Ball
1-0: Ball
2-0: Ball
3-0: Base on Balls
Batting: RHB Greg King 0-0: Called Strike
0-1: Ball
1-1: Grounds into double play, 6-4-3 (Groundball, 6)
Batting: LHB Dave Stewart 0-0: Foul Ball, location: 2F
0-1: Foul Ball, location: 2F
0-2: Ball
1-2: Strikes out swinging
Top of the 4th over - 0 run(s), 0 hit(s), 0 error(s), 0 left on base; Moose Jaw 3 - Bismark 0
BOTTOM OF THE 4TH
Bismark Border Guards batting - Pitching for Moose Jaw Ghostbusters : RHP Rod Walters
Batting: LHB Rusty Herbert 0-0: Called Strike
0-1: Ball
1-1: Foul Ball, location: 2F
1-2: Ball
2-2: Foul Ball, location: 2F
2-2: Ground out 6-3 (Groundball, 6)
Batting: RHB José Cintrón 0-0: Ball
1-0: Ball
2-0: Called Strike
2-1: Ground out 4-3 (Groundball, 4)
Batting: RHB Chris Parker 0-0: Called Strike
0-1: Ball
1-1: Ground out 1-3 (Groundball, 13S)
Bottom of the 4th over - 0 run(s), 0 hit(s), 0 error(s), 0 left on base; Moose Jaw 3 - Bismark 0
TOP OF THE 5TH
Moose Jaw Ghostbusters batting - Pitching for Bismark Border Guards : RHP Nathan Walters
Batting: LHB Carlos López 0-0: Ground out 4-3 (Groundball, 4M)
Batting: RHB John Major 0-0: Ball
1-0: Ball
2-0: Ball
3-0: Called Strike
3-1: Base on Balls
Batting: LHB Will Vale 0-0: Foul Ball, location: 2F
0-1: Foul Ball, location: 2F
0-2: Foul Ball, location: 2F
0-2: Foul Ball, location: 2F
0-2: Ball
1-2: Strikes out looking
Batting: RHB Shawn Bane 0-0: Ball
1-0: Foul Ball, location: 2F
1-1: Ball
2-1: Ball
3-1: Base on Balls
John Major to second
Batting: RHB Paco Hernández 0-0: Ball
1-0: Ball
2-0: Foul Ball, location: 2F
2-1: Ground out 4-3 (Groundball, 4)
Top of the 5th over - 0 run(s), 0 hit(s), 0 error(s), 2 left on base; Moose Jaw 3 - Bismark 0
BOTTOM OF THE 5TH
Bismark Border Guards batting - Pitching for Moose Jaw Ghostbusters : RHP Rod Walters
Batting: LHB Norbert Mosley 0-0: Ball
1-0: Ball
2-0: Ball
3-0: Called Strike
3-1: Foul Ball, location: 2F
3-2: Strikes out swinging
Batting: RHB Aaron Holt 0-0: Called Strike
0-1: Swinging Strike
0-2: Ball
1-2: Foul Ball, location: 2F
1-2: Ball
2-2: Foul Ball, location: 2F
2-2: Ball
3-2: Strikes out swinging
Batting: LHB Jim Jensen 0-0: Ball
1-0: Foul Ball, location: 2F
1-1: Foul Ball, location: 2F
1-2: Ball
2-2: Foul Ball, location: 2F
2-2: Ball
3-2: Foul Ball, location: 2F
3-2: Ground out 4-3 (Groundball, 4)
Bottom of the 5th over - 0 run(s), 0 hit(s), 0 error(s), 0 left on base; Moose Jaw 3 - Bismark 0
TOP OF THE 6TH
Moose Jaw Ghostbusters batting - Pitching for Bismark Border Guards : RHP Nathan Walters
Batting: LHB Enrique Valentín 0-0: Ball
1-0: Ball
2-0: Ball
3-0: Called Strike
3-1: Base on Balls
Batting: RHB David Hernández 0-0: Called Strike
0-1: Ball
1-1: Ball
2-1: DOUBLE (Line Drive, 7LS)
Enrique Valentín to third
Batting: RHB Greg King 0-0: Ball
1-0: Called Strike
1-1: Foul Ball, location: 2F
1-2: Foul Ball, location: 2F
1-2: Strikes out looking
Pitching: RHP César Rodríguez
Batting: LHB Dave Stewart 0-0: Ball
1-0: Ball
2-0: Foul Ball, location: 2F
2-1: Called Strike
2-2: Strikes out swinging
Batting: LHB Carlos López 0-0: Ball
1-0: Ball
2-0: Foul Ball, location: 2F
2-1: Called Strike
2-2: Ball
3-2: Strikes out swinging
Top of the 6th over - 0 run(s), 1 hit(s), 0 error(s), 2 left on base; Moose Jaw 3 - Bismark 0
BOTTOM OF THE 6TH
Bismark Border Guards batting - Pitching for Moose Jaw Ghostbusters : RHP Rod Walters
Batting: RHB José Gómez 0-0: Called Strike
0-1: Called Strike
0-2: Foul Ball, location: 2F
0-2: Ball
1-2: Ball
2-2: DOUBLE (Flyball, 8RD)
Batting: SHB Glenn Vadnais 0-0: Foul Ball, location: 2F
0-1: Foul Ball, location: 2F
0-2: Ground out 1-3 (Groundball, 23)
José Gómez to third
Batting: RHB Mike Wright 0-0: Ball
1-0: Fly out, F8 (Flyball, 8LM)
Batting: LHB Rusty Herbert 0-0: Ball
1-0: Called Strike
1-1: SINGLE (Flyball, 9LS)
José Gómez scores
Batting: RHB José Cintrón 0-0: Ball
1-0: Called Strike
1-1: Fielders Choice at 2nd, U4 (Groundball, 4M)
Bottom of the 6th over - 1 run(s), 2 hit(s), 0 error(s), 1 left on base; Moose Jaw 3 - Bismark 1
TOP OF THE 7TH
Moose Jaw Ghostbusters batting - Pitching for Bismark Border Guards : RHP César Rodríguez
Batting: RHB John Major 0-0: Ball
1-0: Foul Ball, location: 2F
1-1: Ball
2-1: Ball
3-1: Called Strike
3-2: Strikes out looking
Batting: LHB Will Vale 0-0: Called Strike
0-1: Ground out 4-3 (Groundball, 4M)
Batting: RHB Shawn Bane 0-0: Ball
1-0: Called Strike
1-1: Ball
2-1: Ball
3-1: Base on Balls
Batting: RHB Paco Hernández 0-0: Ball
1-0: Called Strike
1-1: Ball
2-1: Ball
3-1: Base on Balls
Shawn Bane to second
Batting: LHB Enrique Valentín 0-0: Ball
1-0: Ball
2-0: Swinging Strike
2-1: Foul Ball, location: 2F
2-2: Ball
3-2: Base on Balls
Shawn Bane to third
Paco Hernández to second
Pinch Hitting: RHB Ángel García 0-0: Fly out, F8 (Flyball, 8RS)
Top of the 7th over - 0 run(s), 0 hit(s), 0 error(s), 3 left on base; Moose Jaw 3 - Bismark 1
BOTTOM OF THE 7TH
Bismark Border Guards batting - Pitching for Moose Jaw Ghostbusters : RHP Rod Walters
Pitching: RHP Juan Rodríguez
Now at 3B: Ángel García
Batting: RHB Chris Parker 0-0: SINGLE (Line Drive, 34)
Batting: LHB Norbert Mosley 0-0: Called Strike
0-1: Sac Bunt - play at first, batter OUT! 2-3
Chris Parker to second
Batting: RHB Aaron Holt 0-0: Swinging Strike
0-1: Swinging Strike
0-2: Foul Ball, location: 2F
0-2: Ground out 1-3 (Groundball, 15)
Batting: LHB Jim Jensen 0-0: Called Strike
0-1: Ball
1-1: Ball
2-1: Swinging Strike
2-2: Strikes out looking
Bottom of the 7th over - 0 run(s), 1 hit(s), 0 error(s), 1 left on base; Moose Jaw 3 - Bismark 1
TOP OF THE 8TH
Moose Jaw Ghostbusters batting - Pitching for Bismark Border Guards : RHP César Rodríguez
Batting: RHB Greg King 0-0: Called Strike
0-1: Called Strike
0-2: Foul Ball, location: 2F
0-2: Fly out, F9 (Flyball, 9LM)
Pitching: RHP Steve Benson
Batting: LHB Dave Stewart 0-0: Ball
1-0: Swinging Strike
1-1: TRIPLE (Groundball, 3L)
Batting: LHB Carlos López 0-0: Called Strike
0-1: Foul Ball, location: 2F
0-2: Foul Ball, location: 2F
0-2: Ball
1-2: Ball
2-2: Strikes out swinging
Batting: RHB John Major 0-0: Called Strike
0-1: SINGLE (Groundball, 56D)
Dave Stewart scores
Batting: LHB Will Vale 0-0: DOUBLE (Line Drive, 89M)
John Major to third
Batting: RHB Shawn Bane 0-0: Ball
1-0: Ball
2-0: Foul Ball, location: 2F
2-1: Swinging Strike
2-2: Strikes out swinging
Top of the 8th over - 1 run(s), 3 hit(s), 0 error(s), 2 left on base; Moose Jaw 4 - Bismark 1
BOTTOM OF THE 8TH
Bismark Border Guards batting - Pitching for Moose Jaw Ghostbusters : RHP Juan Rodríguez
Batting: RHB José Gómez 0-0: Swinging Strike
0-1: Swinging Strike
0-2: Strikes out swinging
Batting: SHB Glenn Vadnais 0-0: Ground out 4-3 (Groundball, 4)
Batting: RHB Mike Wright 0-0: Ball
1-0: Called Strike
1-1: Ball
2-1: Foul Ball, location: 2F
2-2: Strikes out swinging
Bottom of the 8th over - 0 run(s), 0 hit(s), 0 error(s), 0 left on base; Moose Jaw 4 - Bismark 1
TOP OF THE 9TH
Moose Jaw Ghostbusters batting - Pitching for Bismark Border Guards : RHP Steve Benson
Batting: RHB Paco Hernández 0-0: Ball
1-0: Fly out, F8 (Flyball, 8LD)
Batting: LHB Enrique Valentín 0-0: Called Strike
0-1: Ball
1-1: Swinging Strike
1-2: Strikes out swinging
Batting: RHB Ángel García 0-0: Ball
1-0: Ball
2-0: SINGLE (Flyball, 7LS)
Batting: RHB Greg King 0-0: Foul Ball, location: 2F
0-1: Swinging Strike
0-2: Ball
1-2: Ball
2-2: Strikes out swinging
Top of the 9th over - 0 run(s), 1 hit(s), 0 error(s), 1 left on base; Moose Jaw 4 - Bismark 1
BOTTOM OF THE 9TH
Bismark Border Guards batting - Pitching for Moose Jaw Ghostbusters : RHP Juan Rodríguez
Pitching: RHP José Estrada
Batting: LHB Rusty Herbert 0-0: Ball
1-0: Called Strike
1-1: Swinging Strike
1-2: Foul Ball, location: 2F
1-2: Ball
2-2: Foul Ball, location: 2F
2-2: Strikes out swinging
Batting: RHB José Cintrón 0-0: Foul Ball, location: 2F
0-1: Ball
1-1: Ball
2-1: Ball
3-1: Foul Ball, location: 2F
3-2: Foul Ball, location: 2F
3-2: Base on Balls
Batting: RHB Chris Parker 0-0: Ball
1-0: Ball
2-0: Called Strike
2-1: Ball
3-1: Base on Balls
José Cintrón to second
Pinch Hitting: LHB Nelson Peńa 0-0: Called Strike
0-1: Fielders Choice at 2nd, 1-4 (Groundball, 13)
José Cintrón to third
Pinch Hitting: LHB Juan Viera 0-0: Ball
1-0: SINGLE (Groundball, 4M)
José Cintrón scores
Nelson Peńa to second
Batting: LHB Jim Jensen 0-0: Ball
1-0: Ball
2-0: Ball
3-0: Called Strike
3-1: DOUBLE (Flyball, 78D)
Nelson Peńa scores
Juan Viera to third
Runner from 3rd tries for Home, SAFE, no throw or cutoff
Pitching: RHP Ken Rogers
Batting: RHB José Gómez 0-0: Ball
1-0: Called Strike
1-1: Foul Ball, location: 2F
1-2: Strikes out swinging
Bottom of the 9th over - 3 run(s), 2 hit(s), 0 error(s), 1 left on base; Moose Jaw 4 - Bismark 4
TOP OF THE 10TH
Moose Jaw Ghostbusters batting - Pitching for Bismark Border Guards : RHP Steve Benson
Pitching: RHP Arthur Green
Now at 3B: Danny Spode
Now in CF: Juan Viera
Batting: LHB Dave Stewart 0-0: Ground out 4-3 (Groundball, 4)
Batting: LHB Carlos López 0-0: Called Strike
0-1: Ball
1-1: Ball
2-1: Ball
3-1: Base on Balls
Batting: RHB John Major 0-0: Ball
1-0: Called Strike
1-1: Foul Ball, location: 2F
1-2: Grounds into double play, 4-6-3 (Groundball, 4)
Top of the 10th over - 0 run(s), 0 hit(s), 0 error(s), 0 left on base; Moose Jaw 4 - Bismark 4
BOTTOM OF THE 10TH
Bismark Border Guards batting - Pitching for Moose Jaw Ghostbusters : RHP Ken Rogers
Batting: SHB Glenn Vadnais 0-0: Ball
1-0: Ball
2-0: Called Strike
2-1: Foul Ball, location: 2F
2-2: Strikes out looking
Batting: RHB Mike Wright 0-0: Called Strike
0-1: Fly out, F8 (Line Drive, 8LD)
Batting: LHB Rusty Herbert 0-0: Ball
1-0: Ball
2-0: Called Strike
2-1: Foul Ball, location: 2F
2-2: Ball
3-2: Foul Ball, location: 2F
3-2: Ground out U3 (Groundball, 3L)
Bottom of the 10th over - 0 run(s), 0 hit(s), 0 error(s), 0 left on base; Moose Jaw 4 - Bismark 4
TOP OF THE 11TH
Moose Jaw Ghostbusters batting - Pitching for Bismark Border Guards : RHP Arthur Green
Batting: LHB Will Vale 0-0: Ball
1-0: Ground out 1-3 (Groundball, 13S)
Pinch Hitting: RHB Luis Miguel Sánchez 0-0: Swinging Strike
0-1: Ball
1-1: Foul Ball, location: 2F
1-2: Ground out 4-3 (Groundball, 4)
Batting: RHB Paco Hernández 0-0: Called Strike
0-1: Foul Ball, location: 2F
0-2: Ground out 6-3 (Groundball, 6)
Top of the 11th over - 0 run(s), 0 hit(s), 0 error(s), 0 left on base; Moose Jaw 4 - Bismark 4
BOTTOM OF THE 11TH
Bismark Border Guards batting - Pitching for Moose Jaw Ghostbusters : RHP Ken Rogers
Now at C: Alberto Sandoval
Batting: RHB José Cintrón 0-0: Ground out U3 (Groundball, 3S)
Batting: RHB Chris Parker 0-0: Ball
1-0: Fly out, F8 (Flyball, 8LS)
Pinch Hitting: LHB Tony Rivera 0-0: DOUBLE (Line Drive, 9M)
Batting: LHB Juan Viera 0-0: Foul Ball, location: 2F
0-1: Fly out, F7 (Line Drive, 7S)
Bottom of the 11th over - 0 run(s), 1 hit(s), 0 error(s), 1 left on base; Moose Jaw 4 - Bismark 4
TOP OF THE 12TH
Moose Jaw Ghostbusters batting - Pitching for Bismark Border Guards : RHP Arthur Green
Pitching: RHP Edward Hastings
Now at 3B: Tony Rivera
Batting: LHB Enrique Valentín 0-0: Ball
1-0: Ball
2-0: Ball
3-0: Called Strike
3-1: Base on Balls
Batting: RHB Ángel García 0-0: Ball
1-0: Bunt missed!
1-1: Sac Bunt - play at first, batter OUT! 3-4
Enrique Valentín to second
Batting: RHB Greg King 0-0: Ball
Passed Ball!
Enrique Valentín to third
1-0: Ball
2-0: Ball
3-0: Called Strike
3-1: Base on Balls
Batting: LHB Dave Stewart 0-0: Called Strike
Greg King steals 2nd base
0-1: Ball
1-1: Swinging Strike
1-2: Ball
2-2: Ball
3-2: Strikes out looking
Batting: LHB Carlos López 0-0: Called Strike
0-1: Swinging Strike
0-2: Strikes out swinging
Top of the 12th over - 0 run(s), 0 hit(s), 0 error(s), 2 left on base; Moose Jaw 4 - Bismark 4
BOTTOM OF THE 12TH
Bismark Border Guards batting - Pitching for Moose Jaw Ghostbusters : RHP Ken Rogers
Batting: LHB Jim Jensen 0-0: Called Strike
0-1: Swinging Strike
0-2: Ball
1-2: Ball
2-2: Ball
3-2: Base on Balls
Batting: RHB José Gómez 0-0: Called Strike
0-1: Ball
1-1: SINGLE (Flyball, 9S)
Jim Jensen to second
Batting: SHB Glenn Vadnais 0-0: Ball
1-0: Fly out, F6 (Popup, 56D)
Batting: RHB Mike Wright 0-0: Ball
1-0: Grounds into double play, 6-4-3 (Groundball, 6M)
Bottom of the 12th over - 0 run(s), 1 hit(s), 0 error(s), 1 left on base; Moose Jaw 4 - Bismark 4
TOP OF THE 13TH
Moose Jaw Ghostbusters batting - Pitching for Bismark Border Guards : RHP Edward Hastings
Batting: RHB John Major 0-0: Ball
1-0: Ground out 6-3 (Groundball, 6)
Batting: LHB Will Vale 0-0: Ground out 6-3 (Groundball, 6)
Batting: RHB Alberto Sandoval 0-0: Called Strike
0-1: Ball
1-1: Called Strike
1-2: Strikes out swinging
Top of the 13th over - 0 run(s), 0 hit(s), 0 error(s), 0 left on base; Moose Jaw 4 - Bismark 4
BOTTOM OF THE 13TH
Bismark Border Guards batting - Pitching for Moose Jaw Ghostbusters : RHP Ken Rogers
Batting: LHB Rusty Herbert 0-0: Ball
1-0: Fly out, F5 (Popup, 5F)
Batting: RHB José Cintrón 0-0: Called Strike
0-1: Fly out, F4 (Popup, 4MD)
Batting: RHB Chris Parker 0-0: Ball
1-0: Called Strike
1-1: Foul Ball, location: 2F
1-2: Foul Ball, location: 2F
1-2: Ground out 4-3 (Groundball, 4M)
Bottom of the 13th over - 0 run(s), 0 hit(s), 0 error(s), 0 left on base; Moose Jaw 4 - Bismark 4
TOP OF THE 14TH
Moose Jaw Ghostbusters batting - Pitching for Bismark Border Guards : RHP Edward Hastings
Batting: RHB Paco Hernández 0-0: Fly out, F2 (Popup, 2RF)
Batting: LHB Enrique Valentín 0-0: Called Strike
0-1: SINGLE (Flyball, 9S)
Batting: RHB Ángel García 0-0: Called Strike
0-1: Ball
1-1: Ball
2-1: Fly out, F6 (Popup, 4MD)
Batting: RHB Greg King 0-0: Ball
1-0: Ball
2-0: Swinging Strike
2-1: Fielders Choice at 2nd, U6 (Groundball, 6M)
Top of the 14th over - 0 run(s), 1 hit(s), 0 error(s), 1 left on base; Moose Jaw 4 - Bismark 4
BOTTOM OF THE 14TH
Bismark Border Guards batting - Pitching for Moose Jaw Ghostbusters : RHP Ken Rogers
Batting: LHB Tony Rivera 0-0: Called Strike
0-1: Called Strike
0-2: Ball
1-2: Strikes out swinging
Batting: LHB Juan Viera 0-0: Ball
1-0: Called Strike
1-1: Fly out, F9 (Popup, 4D)
Batting: LHB Jim Jensen 0-0: Ball
1-0: Ball
2-0: Fly out, F7 (Flyball, 78M)
Bottom of the 14th over - 0 run(s), 0 hit(s), 0 error(s), 0 left on base; Moose Jaw 4 - Bismark 4
TOP OF THE 15TH
Moose Jaw Ghostbusters batting - Pitching for Bismark Border Guards : RHP Edward Hastings
Batting: LHB Dave Stewart 0-0: DOUBLE (Groundball, 3D)
Batting: LHB Carlos López 0-0: SINGLE (Flyball, 78S)
Dave Stewart to third
Runner from 3rd tries for Home, SAFE, no throw or cutoff
Pitching: RHP Royce Saunders
Batting: RHB John Major 0-0: Called Strike
0-1: Fly out, F3 (Popup, 3F)
Batting: LHB Will Vale 0-0: Ball
1-0: Foul Ball, location: 2F
1-1: Called Strike
Carlos López is caught stealing 2nd base
1-2: Ball
2-2: Foul Ball, location: 2F
2-2: Ball
3-2: Reached on error, E6 (Groundball, 6)
Batting: RHB Alberto Sandoval 0-0: Ball
1-0: Ball
2-0: Ball
3-0: Base on Balls
Will Vale to second
Batting: RHB Paco Hernández 0-0: Called Strike
0-1: Hit by Pitch
Will Vale to third
Alberto Sandoval to second
Batting: LHB Enrique Valentín 0-0: Ground out 4-3 (Groundball, 34)
Top of the 15th over - 1 run(s), 2 hit(s), 1 error(s), 3 left on base; Moose Jaw 5 - Bismark 4
BOTTOM OF THE 15TH
Bismark Border Guards batting - Pitching for Moose Jaw Ghostbusters : RHP Ken Rogers
Batting: RHB José Gómez 0-0: Ball
1-0: Called Strike
1-1: SINGLE (Groundball, 4M)
Batting: SHB Glenn Vadnais 0-0: Ground out 4-3 (Groundball, 4M)
José Gómez to second
Batting: RHB Mike Wright 0-0: Ball
1-0: Ball
2-0: SINGLE (Flyball, 4MD)
José Gómez to third
Batting: LHB Rusty Herbert 0-0: Ball
1-0: Swinging Strike
1-1: Ball
2-1: Swinging Strike
2-2: Ball
3-2: SINGLE (Line Drive, 89S)
José Gómez scores
Mike Wright to second
Batting: RHB José Cintrón 0-0: Foul Ball, location: 2F
0-1: Called Strike
0-2: Foul Ball, location: 2F
0-2: Ground out 5-3 (Groundball, 15S)
Mike Wright to third
Rusty Herbert to second
Batting: RHB Chris Parker 0-0: Called Strike
0-1: Foul Ball, location: 2F
0-2: Ball
1-2: Fly out, F3 (Popup, 23F)
Bottom of the 15th over - 1 run(s), 3 hit(s), 0 error(s), 2 left on base; Moose Jaw 5 - Bismark 5
TOP OF THE 16TH
Moose Jaw Ghostbusters batting - Pitching for Bismark Border Guards : RHP Royce Saunders
Batting: RHB Ángel García 0-0: Called Strike
0-1: Called Strike
0-2: Ball
1-2: Foul Ball, location: 2F
1-2: Foul Ball, location: 2F
1-2: Strikes out swinging
Batting: RHB Greg King 0-0: Ball
1-0: Called Strike
1-1: Ground out 6-3 (Groundball, 6)
Batting: LHB Dave Stewart 0-0: Foul Ball, location: 2F
0-1: Ball
1-1: Ground out 4-3 (Groundball, 34)
Top of the 16th over - 0 run(s), 0 hit(s), 0 error(s), 0 left on base; Moose Jaw 5 - Bismark 5
BOTTOM OF THE 16TH
Bismark Border Guards batting - Pitching for Moose Jaw Ghostbusters : RHP Ken Rogers
Batting: LHB Tony Rivera 0-0: Ball
1-0: Ball
2-0: Ball
3-0: Called Strike
3-1: Base on Balls
Pitching: RHP Whit Johnson
Batting: LHB Juan Viera 0-0: Called Strike
0-1: Ball
1-1: Bunted foul
1-2: Ball
2-2: Ball
3-2: Ground out 1-3 (Groundball, 15S)
Tony Rivera to second
Batting: LHB Jim Jensen 0-0: Ball
1-0: Ball
2-0: Ball
3-0: Base on Balls
Batting: RHB José Gómez 0-0: SINGLE (Groundball, 56)
Tony Rivera to third
Jim Jensen to second
Batting: SHB Glenn Vadnais 0-0: Ball
1-0: Fly out, F7 (Flyball, 7M)
1-0: Fly out, F7 (Flyball, 7M)
Batting: RHB Mike Wright 0-0: Foul Ball, location: 2F
0-1: Ball
1-1: Ball
2-1: Fly out, F7 (Flyball, 7D)
Bottom of the 16th over - 0 run(s), 1 hit(s), 0 error(s), 3 left on base; Moose Jaw 5 - Bismark 5
TOP OF THE 17TH
Moose Jaw Ghostbusters batting - Pitching for Bismark Border Guards : RHP Royce Saunders
Batting: LHB Carlos López 0-0: Ground out 4-3 (Groundball, 4)
Batting: RHB John Major 0-0: Ball
1-0: Ground out 4-3 (Groundball, 4)
Batting: LHB Will Vale 0-0: Called Strike
0-1: Ball
1-1: Called Strike
1-2: Foul Ball, location: 2F
1-2: Ground out U3 (Groundball, 3L)
Top of the 17th over - 0 run(s), 0 hit(s), 0 error(s), 0 left on base; Moose Jaw 5 - Bismark 5
BOTTOM OF THE 17TH
Bismark Border Guards batting - Pitching for Moose Jaw Ghostbusters : RHP Whit Johnson
Batting: LHB Rusty Herbert 0-0: Foul Ball, location: 2F
0-1: Ball
1-1: Ball
2-1: Swinging Strike
2-2: Strikes out swinging
Batting: RHB José Cintrón 0-0: Fly out, F9 (Flyball, 89M)
Batting: RHB Chris Parker 0-0: Ball
1-0: Called Strike
1-1: Ball
2-1: Ball
3-1: Base on Balls
Pitching: RHP José Ortíz
Batting: LHB Tony Rivera 0-0: Foul Ball, location: 2F
0-1: Called Strike
0-2: Foul Ball, location: 2F
0-2: Ball
1-2: Foul Ball, location: 2F
1-2: DOUBLE (Flyball, 89M)
Chris Parker to third
Chris Parker scores
This league is powered by Out of the Park Baseball, the baseball management simulation game for PC, Mac and Linux
Saturday, April 9th, 2016 - OOTP Baseball 16.8 Build 38